[Event "Saturday Night Engine Tour 7 rd Swiss 12m+1s Starts at 2200hrs"]
[Site "Infinity Chess"]
[Date "2018.4.21"]
[Round "4"]
[White "OlivierEvan"]
[Black "Dovahkiin"]
[Result "1/2-1/2"]
[ECO "A13"]
[WhiteElo "2380"]
[BlackElo "2402"]
[WhiteEngine "Houdini 6"]
[BlackEngine "BrainFish_180418_x64_modern_CTG"]
[EventType "Swiss"]
[WhiteTeam ""]
[BlackTeam ""]
[PlyCount "29"]
[TimeControl "720+1"]

1. c4 e6 2. d4 d5 3. Nf3 Nf6 4. g3 Be7 5. Bg2 O-O 6. O-O dxc4 7. Qc2 a6 
8. Qxc4 b5 9. Qc2 Bb7 10. Bd2 Bd6 11. Re1 Be4 12. Qc1 Bb7 13. Qc2 Be4 
14. Qc1 Bb7 15. Qc2 1/2-1/2

[Event "Saturday Night Engine Tour 7 rd Swiss 12m+1s Starts at 2200hrs"]
[Site "Infinity Chess"]
[Date "2018.4.21"]
[Round "4"]
[White "Vimtiroba"]
[Black "incredible"]
[Result "1/2-1/2"]
[ECO "C50"]
[WhiteElo "2435"]
[BlackElo "2395"]
[WhiteEngine "AsmFish A12_CTG"]
[BlackEngine "stockfish_18041820_x64_bmi2"]
[EventType "Swiss"]
[WhiteTeam ""]
[BlackTeam ""]
[PlyCount "174"]
[TimeControl "720+1"]

1. e4 e5 2. Nf3 Nc6 3. Bc4 Bc5 4. d3 d6 5. O-O Nf6 6. c3 O-O 7. a4 a6 
8. Nbd2 Ba7 9. Bb3 b5 10. h3 Re8 11. Re1 h6 12. Nf1 Be6 13. Bxe6 Rxe6 14. Be3 b4 
15. Bxa7 Rxa7 16. d4 Re8 17. Ng3 Rb7 18. Nh4 bxc3 19. bxc3 Rb8 20. Nhf5 Ne7 
21. Nxe7+ Qxe7 22. Qd3 a5 23. Nf5 Qf8 24. Qd2 Kh7 25. f3 Nh5 26. Red1 Nf4 
27. Kh2 Rb7 28. Ne3 Reb8 29. Nc4 f6 30. Qc2 Qc8 31. Ra2 Ra7 32. d5 Ng6 
33. Raa1 Raa8 34. Rdb1 Qa6 35. Na3 Nf8 36. Nb5 Rb7 37. c4 Nd7 38. f4 Rf8 
39. Ra3 Qb6 40. f5 Qc5 41. Rc3 Rg8 42. Qe2 Kh8 43. Rg3 Rbb8 44. Qa2 Rgc8 
45. Qe2 Rg8 46. Rbb3 Rge8 47. Rbc3 Rbd8 48. Rc2 Re7 49. Rb3 Rg8 50. h4 g5 
51. fxg6 Rxg6 52. Rcc3 Reg7 53. Rg3 Rxg3 54. Rxg3 Rxg3 55. Kxg3 f5 56. exf5 Nf6 
57. h5 Kg8 58. Kh2 Kf7 59. g3 Ke7 60. Kg2 Kf7 61. Nc3 Qd4 62. Nb5 Qc5 63. g4 Kf8 
64. Nc3 Qd4 65. Nb5 Qc5 66. g5 hxg5 67. h6 Kf7 68. h7 Kg7 69. Qd2 Nxh7 
70. Qxa5 Kg8 71. Qc3 g4 72. Qc1 c6 73. Qh6 cxb5 74. Qg6+ Kf8 75. Qh6+ Kg8 
76. Qg6+ Kf8 77. axb5 Qc7 78. Qe6 Qd8 79. Qh6+ Kg8 80. Qg6+ Kh8 81. Qe6 Kg7 
82. Qg6+ Kh8 83. b6 Qxb6 84. Qe8+ Kg7 85. Qg6+ Kh8 86. Qe8+ Kg7 87. Qg6+ Kh8 
1/2-1/2

[Event "Saturday Night Engine Tour 7 rd Swiss 12m+1s Starts at 2200hrs"]
[Site "Infinity Chess"]
[Date "2018.4.21"]
[Round "4"]
[White "MarioDeMonti"]
[Black "star99"]
[Result "1/2-1/2"]
[ECO "A50"]
[WhiteElo "2485"]
[BlackElo "2494"]
[WhiteEngine "stockfish_x64_bmi2_2018_02_18_CTG"]
[BlackEngine "Cryptic Heroes 9.4B"]
[EventType "Swiss"]
[WhiteTeam ""]
[BlackTeam ""]
[PlyCount "123"]
[TimeControl "720+1"]

1. d4 Nf6 2. c4 c6 3. Nf3 d5 4. Nc3 e6 5. Bg5 dxc4 6. e4 b5 7. e5 h6 8. Bh4 g5 
9. Nxg5 hxg5 10. Bxg5 Nbd7 11. exf6 Bb7 12. h4 Nxf6 13. Qf3 Be7 14. O-O-O Nd5 
15. Bxe7 Qxe7 16. Ne4 O-O-O 17. Nc5 Kb8 18. g3 e5 19. Re1 f6 20. Qa3 Bc8 
21. Bh3 Bxh3 22. Rxh3 Ka8 23. f4 Rb8 24. fxe5 fxe5 25. Rh2 c3 26. bxc3 Rhg8 
27. Rxe5 Qd6 28. Qa6 Rxg3 29. Ne4 Rg1+ 30. Kb2 Qc7 31. Re2 Nb6 32. Kc2 Qh7 
33. h5 Rf1 34. Re6 Rg1 35. Qa3 Qxh5 36. Nf2 Qf5+ 37. Nd3 Rg3 38. R6e4 Qf3 
39. Ne5 Nc4 40. Qb4 Nxe5 41. Rxe5 Rg2 42. Qe7 Rbg8 43. Qe6 Kb8 44. Kb2 a5 
45. Qe7 Ka8 46. R5e3 Rxe2+ 47. Rxe2 Qd5 48. Rf2 b4 49. Qe5 bxc3+ 50. Kxc3 Kb7 
51. Qxd5 cxd5 52. Rf5 Kc6 53. Kb2 Rc8 54. Kb3 Kb5 55. Rxd5+ Ka6 56. a3 Rc1 
57. a4 Rb1+ 58. Ka2 Rb4 59. Re5 Rxa4+ 60. Kb3 Rxd4 61. Re6+ Kb5 62. Re5+ 1/2-1/2

[Event "Saturday Night Engine Tour 7 rd Swiss 12m+1s Starts at 2200hrs"]
[Site "Infinity Chess"]
[Date "2018.4.21"]
[Round "3"]
[White "SkyPilot"]
[Black "koalachess"]
[Result "1/2-1/2 "]
[ECO "C02"]
[WhiteElo "2435"]
[BlackElo "2288"]
[WhiteEngine "stockfish_x64_bmi2_2018_04_07_CTG"]
[BlackEngine "asmFishW_2018-04-07_popcnt_CTG"]
[EventType "Swiss"]
[WhiteTeam ""]
[BlackTeam ""]
[PlyCount "190"]
[TimeControl "720+1"]

1. e4 e6 2. d4 d5 3. e5 c5 4. c3 Nc6 5. Nf3 Bd7 6. Be2 Nge7 7. O-O cxd4 
8. cxd4 Nf5 9. Nc3 a6 10. g4 Nh4 11. Nxh4 Qxh4 12. f4 Rc8 13. Be3 Na5 
14. Bf2 Qd8 15. f5 Nc4 16. b3 Nxe5 17. Nxd5 Nxg4 18. Bxg4 exd5 19. Re1+ Be7 
20. Bh4 f6 21. Bh5+ Kf8 22. Qf3 Rg8 23. Qxd5 Be8 24. Bf3 g6 25. fxg6 Rxg6+ 
26. Kh1 Qxd5 27. Bxd5 b5 28. Rad1 Bf7 29. Bxf7 Kxf7 30. Bg3 Bb4 31. Re4 h5 
32. d5 Rg4 33. Re6 h4 34. Bd6 Bxd6 35. Rxd6 Rc2 36. Rxa6 Rgg2 37. Ra7+ Kg6 
38. Rg1 Rxg1+ 39. Kxg1 h3 40. a4 Rg2+ 41. Kf1 Rxh2 42. a5 Rh1+ 43. Kf2 Rb1 
44. Kg3 Rxb3+ 45. Kh2 Rd3 46. a6 Rxd5 47. Rb7 Rd3 48. a7 Ra3 49. a8=Q Rxa8 
50. Rxb5 Ra3 51. Kh1 Rd3 52. Rb1 f5 53. Kh2 Kg5 54. Rb4 f4 55. Rb8 Kh4 
56. Rh8+ Kg4 57. Rg8+ Kf3 58. Rf8 Kg4 59. Rg8+ Kf3 60. Rf8 Rd1 61. Ra8 Re1 
62. Rb8 Re5 63. Rb6 Re1 64. Ra6 Kg4 65. Rg6+ Kf3 66. Ra6 Re7 67. Ra8 Re5 
68. Rb8 Rh5 69. Rb3+ Kg4 70. Rb7 Kf3 71. Rb8 Rd5 72. Rf8 Rb5 73. Ra8 Kg4 
74. Rg8+ Kf3 75. Ra8 Rb6 76. Rf8 Rd6 77. Ra8 Rh6 78. Ra3+ Kg4 79. Ra7 Rh5 
80. Ra8 Kf3 81. Ra3+ Kg4 82. Ra8 Rg5 83. Rb8 Rg6 84. Rb7 Rg8 85. Ra7 Rf8 
86. Rg7+ Kf3 87. Rb7 Kg4 88. Rg7+ Kf3 89. Ra7 Rb8 90. Rh7 Ke2 91. Ra7 Kf3 
92. Rh7 Ra8 93. Kxh3 Rd8 94. Rh5 Rg8 95. Rh6 Re8 1/2-1/2

[Event "Saturday Night Engine Tour 7 rd Swiss 12m+1s Starts at 2200hrs"]
[Site "Infinity Chess"]
[Date "2018.4.21"]
[Round "3"]
[White "OlivierEvan"]
[Black "incredible"]
[Result "1/2-1/2"]
[ECO "A04"]
[WhiteElo "2379"]
[BlackElo "2396"]
[WhiteEngine "Houdini 6"]
[BlackEngine "stockfish_18041820_x64_bmi2"]
[EventType "Swiss"]
[WhiteTeam ""]
[BlackTeam ""]
[PlyCount "147"]
[TimeControl "720+1"]

1. Nf3 e6 2. e4 d5 3. e5 c5 4. c3 Nc6 5. d4 Qb6 6. a3 c4 7. Nbd2 Na5 8. Be2 Bd7 
9. O-O Ne7 10. Rb1 h6 11. Re1 O-O-O 12. a4 Kb8 13. Qc2 Nb3 14. Nxb3 Bxa4 
15. Nfd2 cxb3 16. Qd1 Bb5 17. Qxb3 Bxe2 18. Qxb6 axb6 19. Rxe2 Nc6 20. b4 Be7 
21. b5 Na5 22. Ra1 Bg5 23. Nf1 Rc8 24. Bxg5 hxg5 25. Re3 Nc4 26. Rf3 Rhf8 
27. Ng3 f6 28. Nh5 fxe5 29. Nxg7 Rxf3 30. gxf3 Nd2 31. dxe5 Nxf3+ 32. Kg2 Rxc3 
33. Nxe6 Rd3 34. Ra4 d4 35. h3 Kc8 36. Ra8+ Kd7 37. Nf8+ Ke7 38. Ng6+ Ke6 
39. Re8+ Kd5 40. e6 Nh4+ 41. Nxh4 gxh4 42. e7 Ke6 43. Rh8 Kxe7 44. Rxh4 Kd6 
45. Rh5 Rb3 46. f4 d3 47. Kf3 d2+ 48. Ke2 Rd3 49. Kd1 Ke6 50. h4 Rd4 
51. Re5+ Kf6 52. Re8 Kf5 53. h5 Rd6 54. Rf8+ Ke4 55. f5 Kd3 56. f6 Re6 
57. Rd8+ Kc3 58. Rxd2 Rxf6 59. Kc1 Rf1+ 60. Rd1 Rf6 61. Rh1 Rh6 62. Rh4 Kd3 
63. Kb2 Ke3 64. Kc3 Kf3 65. Kc4 Kg3 66. Rd4 Rxh5 67. Rd6 Rh4+ 68. Kb3 Rh7 
69. Rxb6 Kf4 70. Ka4 Ke4 71. Ka5 Ke5 72. Rg6 Kd5 73. Rg5+ Kc4 74. Rg4+ 1/2-1/2

[Event "Saturday Night Engine Tour 7 rd Swiss 12m+1s Starts at 2200hrs"]
[Site "Infinity Chess"]
[Date "2018.4.21"]
[Round "3"]
[White "Dovahkiin"]
[Black "Vimtiroba"]
[Result "1/2-1/2"]
[ECO "C50"]
[WhiteElo "2401"]
[BlackElo "2436"]
[WhiteEngine "BrainFish_180418_x64_modern_CTG"]
[BlackEngine "AsmFish A12_CTG"]
[EventType "Swiss"]
[WhiteTeam ""]
[BlackTeam ""]
[PlyCount "151"]
[TimeControl "720+1"]

1. e4 e5 2. Nf3 Nc6 3. Bc4 Bc5 4. O-O Nf6 5. d3 O-O 6. c3 a5 7. a4 d6 8. Bg5 h6 
9. Bh4 g5 10. Bg3 Kg7 11. Nbd2 Ba7 12. Re1 Ng8 13. Nf1 Nge7 14. Ne3 Bxe3 
15. fxe3 Ng6 16. h3 Nce7 17. d4 f5 18. exf5 Nxf5 19. Bh2 Qe7 20. b4 e4 
21. Nd2 Be6 22. Bxe6 Qxe6 23. bxa5 Rxa5 24. Qb1 b6 25. c4 Raa8 26. c5 d5 
27. Bxc7 bxc5 28. dxc5 Rac8 29. Bh2 Rxc5 30. a5 Qa6 31. Nb3 Rc4 32. Kh1 Nge7 
33. g4 Nh4 34. Rf1 Nf3 35. Nd4 Kg8 36. Qb6 Rf6 37. Qxa6 Rxa6 38. Nxf3 exf3 
39. Rxf3 Ng6 40. Rf2 Rc3 41. Re2 Kf7 42. Kg1 Ke6 43. Kf2 Rc5 44. Rea2 Ne7 
45. Ke2 Nc6 46. Bc7 Kd7 47. Bb6 Rb5 48. Kf1 Ne5 49. Bd4 Nc4 50. Ke2 Raxa5 
51. Rxa5 Nxa5 52. Bg7 Nb3 53. Ra7+ Ke6 54. Ra6+ Kf7 55. Ra7+ Ke6 56. Bxh6 d4 
57. Bg7 dxe3 58. Kxe3 Nc5 59. Ra3 Kf7 60. Bc3 Ne6 61. Ke4 Nc5+ 62. Kf3 Ne6 
63. Ke4 Nc5+ 64. Kf3 Ne6 65. Be1 Nd4+ 66. Ke4 Ne2 67. Ra7+ Kg6 68. Ra6+ Kf7 
69. h4 gxh4 70. Bxh4 Rb4+ 71. Kd3 Rf4 72. Ra7+ Kg6 73. Kxe2 Rxg4 74. Bf2 Kf5 
75. Kd3 Rg2 76. Ra5+ 1/2-1/2

[Event "Saturday Night Engine Tour 7 rd Swiss 12m+1s Starts at 2200hrs"]
[Site "Infinity Chess"]
[Date "2018.4.21"]
[Round "3"]
[White "TasicV"]
[Black "MarioDeMonti"]
[Result "0-1"]
[ECO "C55"]
[WhiteElo "2435"]
[BlackElo "2470"]
[WhiteEngine "stockfish_18041408_x64_modern_CTG"]
[BlackEngine "stockfish_x64_bmi2_2018_02_18_CTG"]
[EventType "Swiss"]
[WhiteTeam ""]
[BlackTeam ""]
[PlyCount "192"]
[TimeControl "720+1"]

1. e4 e5 2. Nf3 Nc6 3. Bc4 Nf6 4. d3 Bc5 5. O-O d6 6. c3 O-O 7. Bg5 h6 8. Bh4 a5 
9. a4 g5 10. Bg3 Kg7 11. Na3 Ne7 12. Re1 Ng6 13. d4 exd4 14. Nxd4 h5 15. f3 h4 
16. Bf2 Ne5 17. Bb3 Nh5 18. Nc4 Re8 19. Rf1 Nf4 20. Kh1 Qf6 21. Nb5 Nxc4 
22. Bxc4 Bxf2 23. Rxf2 Re7 24. Qd2 Be6 25. Bxe6 fxe6 26. Nd4 Rf8 27. Rd1 d5 
28. Qe3 Qe5 29. b4 h3 30. g3 Ng2 31. Qe2 dxe4 32. f4 Qf6 33. f5 e5 34. Nb3 e3 
35. Rff1 b6 36. Kg1 Qc6 37. Qg4 e2 38. Qxg5+ Kf7 39. Qh5+ Kg8 40. Qxe2 Ne3 
41. f6 Ref7 42. Rd3 Nxf1 43. Qg4+ Kh8 44. Qxh3+ Rh7 45. Qxf1 e4 46. Nd4 Rxf6 
47. Rf3 Rxf3 48. Qxf3 Qh6 49. Qxe4 Qxh2+ 50. Kf1 Rf7+ 51. Ke1 Qxg3+ 52. Kd1 axb4 
53. cxb4 Qf4 54. Qh1+ Kg8 55. Qg2+ Kh7 56. Qc2+ Kh8 57. Qc3 Kg8 58. Kc2 Qe5 
59. Qd3 Rf2+ 60. Kb3 Kf8 61. Qc4 Qe3+ 62. Qc3 Qxc3+ 63. Kxc3 Ke7 64. Kc4 Kd6 
65. Nb5+ Ke5 66. Nc3 Rg2 67. a5 bxa5 68. bxa5 Kd6 69. Nb5+ Kc6 70. Nd4+ Kb7 
71. Kb4 Rg4 72. Kc4 Rh4 73. Kc3 c5 74. Nf5 Ra4 75. a6+ Kxa6 76. Nd6 Rf4 
77. Kb3 Kb6 78. Nc4+ Kc6 79. Ne3 Kb5 80. Kc2 Rf3 81. Nd5 Kc4 82. Nc7 Rf2+ 
83. Kd1 Rf7 84. Ne6 Rf6 85. Nc7 Rc6 86. Ne8 Kd3 87. Ke1 Re6+ 88. Kf2 Rxe8 
89. Kg3 Re4 90. Kf3 c4 91. Kg2 Re3 92. Kf2 c3 93. Kg2 c2 94. Kf2 c1=Q 
95. Kg2 Qd2+ 96. Kf1 Re1# 0-1

[Event "Saturday Night Engine Tour 7 rd Swiss 12m+1s Starts at 2200hrs"]
[Site "Infinity Chess"]
[Date "2018.4.21"]
[Round "2"]
[White "koalachess"]
[Black "OlivierEvan"]
[Result "1/2-1/2 "]
[ECO "C53"]
[WhiteElo "2284"]
[BlackElo "2383"]
[WhiteEngine "asmFishW_2018-04-07_popcnt_CTG"]
[BlackEngine "Houdini 6"]
[EventType "Swiss"]
[WhiteTeam ""]
[BlackTeam ""]
[PlyCount "143"]
[TimeControl "720+1"]

1. e4 e5 2. Nf3 Nc6 3. Bc4 Bc5 4. c3 Nf6 5. d4 exd4 6. cxd4 Bb4+ 7. Bd2 Bxd2+ 
8. Nbxd2 d5 9. exd5 Nxd5 10. O-O O-O 11. Rc1 Nb6 12. Bb3 a5 13. a4 Nd5 
14. Re1 Ndb4 15. Qe2 Bf5 16. Rc3 Nxd4 17. Nxd4 Qxd4 18. Rxc7 Qd8 19. Rxb7 Nd3 
20. Ra1 Nc5 21. Rxf7 Rxf7 22. Bxf7+ Kxf7 23. Qf3 g6 24. Rd1 Kg8 25. Ne4 Bxe4 
26. Rxd8+ Rxd8 27. Qe2 Rd4 28. h4 Nb3 29. h5 gxh5 30. Qxh5 Bd5 31. Kh2 Bf7 
32. Qg5+ Kf8 33. Qh6+ Kg8 34. f4 Rxa4 35. Qg5+ Kh8 36. Qh6 Kg8 37. Qg5+ Kh8 
38. g4 Nd4 39. Qf6+ Kg8 40. f5 Rb4 41. b3 h5 42. gxh5 Nxf5 43. Qxf5 Rh4+ 
44. Kg1 Rxh5 45. Qc8+ Kg7 46. Qc6 Rd5 47. Qc3+ Kg8 48. Qg3+ Kf8 49. Qb8+ Ke7 
50. Kf2 Rd3 51. Qa7+ Kf8 52. Qxa5 Rxb3 53. Qc5+ Kg7 54. Qg5+ Kh7 55. Qf6 Kg8 
56. Qa1 Rb5 57. Qa6 Rf5+ 58. Kg3 Rg5+ 59. Kf4 Rd5 60. Qf6 Rh5 61. Qd8+ Kh7 
62. Qc8 Kg6 63. Qa6+ Kg7 64. Qa1+ Kg8 65. Qf6 Rd5 66. Ke3 Bh5 67. Qc3 Bg6 
68. Qc4 Bf7 69. Qb4 Kh7 70. Qb1+ Kg8 71. Qa1 Kf8 72. Qf6 1/2-1/2

[Event "Saturday Night Engine Tour 7 rd Swiss 12m+1s Starts at 2200hrs"]
[Site "Infinity Chess"]
[Date "2018.4.21"]
[Round "2"]
[White "incredible"]
[Black "Dovahkiin"]
[Result "1/2-1/2"]
[ECO "D31"]
[WhiteElo "2396"]
[BlackElo "2401"]
[WhiteEngine "stockfish_18041820_x64_bmi2"]
[BlackEngine "BrainFish_180418_x64_modern_CTG"]
[EventType "Swiss"]
[WhiteTeam ""]
[BlackTeam ""]
[PlyCount "114"]
[TimeControl "720+1"]

1. d4 d5 2. c4 e6 3. Nc3 c6 4. Nf3 Nf6 5. Bg5 h6 6. Bh4 dxc4 7. e4 g5 8. Bg3 b5 
9. Be2 Bb7 10. h4 g4 11. Ne5 Nbd7 12. Nxd7 Qxd7 13. Be5 Qe7 14. O-O Rg8 
15. b3 Bg7 16. Qc2 Nh5 17. Bxg7 Rxg7 18. g3 Qd6 19. e5 Qxd4 20. Ne4 Qxe5 
21. Rad1 Kf8 22. Rfe1 c5 23. Bxc4 bxc4 24. Nd6 Qf6 25. Nxb7 Qf3 26. Qd2 Nxg3 
27. fxg3 Qxb7 28. Qxh6 Kg8 29. bxc4 Qf3 30. Qe3 Qxe3+ 31. Rxe3 Rb8 32. a3 a5 
33. Red3 Kh7 34. Re1 Rb6 35. Re5 Rc6 36. Rd8 f6 37. Rh5+ Kg6 38. Rdh8 Kf7 
39. Kf2 e5 40. Ke3 Rd6 41. Ke4 Rd4+ 42. Kf5 Rd1 43. a4 Rf1+ 44. Ke4 Re1+ 
45. Kf5 Rf1+ 46. Ke4 Rg1 47. Rc8 Re1+ 48. Kd5 Kg6 49. Rch8 Rb1 50. R5h6+ Kf5 
51. Rf8 Rb6 52. Rh5+ Kg6 53. Rfh8 Rb3 54. R5h6+ Kf5 55. Rh5+ Kg6 56. R5h6+ Kf5 
57. Rh5+ Kg6 1/2-1/2

[Event "Saturday Night Engine Tour 7 rd Swiss 12m+1s Starts at 2200hrs"]
[Site "Infinity Chess"]
[Date "2018.4.21"]
[Round "2"]
[White "Vimtiroba"]
[Black "TasicV"]
[Result "1/2-1/2"]
[ECO "C50"]
[WhiteElo "2436"]
[BlackElo "2435"]
[WhiteEngine "AsmFish A12_CTG"]
[BlackEngine "stockfish_18041408_x64_modern_CTG"]
[EventType "Swiss"]
[WhiteTeam ""]
[BlackTeam ""]
[PlyCount "123"]
[TimeControl "720+1"]

1. e4 e5 2. Nf3 Nc6 3. Bc4 Bc5 4. d3 Nf6 5. O-O d6 6. c3 a5 7. Re1 O-O 
8. Nbd2 h6 9. Nf1 a4 10. h3 Ra5 11. Ng3 b5 12. b4 axb3 13. Bxb3 Be6 14. Rb1 Bb6 
15. d4 Bxb3 16. axb3 Ra2 17. Rb2 Ra1 18. Qd3 b4 19. Rd2 Ba5 20. c4 exd4 
21. Nxd4 Ne5 22. Qc2 Bb6 23. Rdd1 Bxd4 24. Rxd4 Nfd7 25. Rdd1 Nc5 26. Nf5 Qf6 
27. Bb2 Ra2 28. Re2 Ne6 29. Qb1 Nf4 30. Qxa2 Nxe2+ 31. Kh1 Nf4 32. f3 Kh7 
33. Bc1 Ne6 34. Qc2 g6 35. Ne3 Qh4 36. Nd5 c6 37. Nxb4 c5 38. Nd5 Nd4 39. Qb2 f5 
40. Be3 fxe4 41. fxe4 Qxe4 42. Bxd4 cxd4 43. Qa3 Rf2 44. Rg1 Nf7 45. b4 d3 
46. Qa7 Rf5 47. Ne3 Rf4 48. Rd1 Kg8 49. Nd5 Qe2 50. Qa1 Rf2 51. Re1 Qb2 
52. Qa8+ Kh7 53. Qa7 h5 54. b5 Qa2 55. Qd4 Ne5 56. Rg1 Qb2 57. Nc3 Nf3 
58. Qa7+ Kg8 59. Qb8+ Kh7 60. Qa7+ Kg8 61. Qa8+ Kh7 62. Qa7+ 1/2-1/2

[Event "Saturday Night Engine Tour 7 rd Swiss 12m+1s Starts at 2200hrs"]
[Site "Infinity Chess"]
[Date "2018.4.21"]
[Round "2"]
[White "MarioDeMonti"]
[Black "TAIPAN54"]
[Result "1/2-1/2"]
[ECO "C55"]
[WhiteElo "2468"]
[BlackElo "2516"]
[WhiteEngine "stockfish_x64_bmi2_2018_02_18_CTG"]
[BlackEngine "Raubfisch X38b1_CTG"]
[EventType "Swiss"]
[WhiteTeam ""]
[BlackTeam ""]
[PlyCount "131"]
[TimeControl "720+1"]

1. e4 e5 2. Nf3 Nc6 3. Bc4 Nf6 4. d3 Bc5 5. c3 O-O 6. O-O d6 7. h3 a6 8. Re1 Ba7 
9. a4 h6 10. Nbd2 Nh5 11. Nf1 Be6 12. Bd5 Qf6 13. d4 Rab8 14. Be3 exd4 
15. Nxd4 Nxd4 16. Qxh5 Nc6 17. e5 dxe5 18. Bxa7 Nxa7 19. Qxe5 Bxd5 20. Qxd5 Nc6 
21. Qc4 Rbd8 22. Re2 Rd7 23. Rae1 Nd8 24. Ng3 Ne6 25. Nh5 Qd8 26. Nf4 Nxf4 
27. Qxf4 Rd1 28. Qc4 Rxe1+ 29. Rxe1 Qd2 30. Re2 Qd1+ 31. Kh2 Qd6+ 32. g3 Rd8 
33. h4 g6 34. a5 Kg7 35. Re4 Qf6 36. Rf4 Qe7 37. Kg2 Rd6 38. Qb4 b6 
39. axb6 cxb6 40. Rd4 Qb7+ 41. f3 Rxd4 42. Qxd4+ f6 43. b3 a5 44. Qd8 g5 
45. c4 g4 46. Qd3 h5 47. Kf2 gxf3 48. Qxf3 Qxf3+ 49. Kxf3 f5 50. Ke3 Kf7 
51. Kd3 Ke6 52. Kd4 Kd6 53. Kd3 Kc5 54. Kc3 b5 55. cxb5 Kxb5 56. Kd3 Kb4 
57. Kc2 Kb5 58. Kc1 Kc5 59. Kb2 Kb5 60. Ka3 Kb6 61. Ka4 Ka6 62. b4 axb4 
63. Kxb4 Kb6 64. Kb3 Kb5 65. Kc3 Kc6 66. Kd3 1/2-1/2

[Event "Saturday Night Engine Tour 7 rd Swiss 12m+1s Starts at 2200hrs"]
[Site "Infinity Chess"]
[Date "2018.4.21"]
[Round "1"]
[White "TasicV"]
[Black "koalachess"]
[Result "1/2-1/2"]
[ECO "C16"]
[WhiteElo "2442"]
[BlackElo "2277"]
[WhiteEngine "stockfish_18041408_x64_modern_CTG"]
[BlackEngine "asmFishW_2018-04-07_popcnt_CTG"]
[EventType "Swiss"]
[WhiteTeam ""]
[BlackTeam ""]
[PlyCount "106"]
[TimeControl "720+1"]

1. e4 e6 2. d4 d5 3. Nc3 Bb4 4. e5 Ne7 5. a3 Bxc3+ 6. bxc3 c5 7. Qg4 O-O 
8. Bd3 f5 9. exf6 Rxf6 10. Bg5 Rf7 11. Qh5 g6 12. Qd1 Nbc6 13. Nf3 Qa5 
14. Bd2 c4 15. Be2 Nf5 16. h4 h6 17. O-O Bd7 18. Rb1 Qxa3 19. Rxb7 a5 
20. Bc1 Qf8 21. Rb1 a4 22. g4 Nfe7 23. Ba3 Kh7 24. Kg2 Qc8 25. Ne5 Nxe5 
26. dxe5 Qc7 27. f4 h5 28. Rg1 hxg4 29. Bxg4 Rg8 30. Kh3 Kh8 31. Qd2 Rh7 
32. Qf2 Qd8 33. Bd6 Qa8 34. Qc5 Re8 35. Kh2 Nf5 36. Bxf5 gxf5 37. Qf2 Bc6 
38. Rg6 Rg8 39. Rg5 Rhg7 40. Rh5+ Rh7 41. Rg5 Rhg7 42. Rxg7 Kxg7 43. Qc5 Kh7 
44. Be7 d4 45. Bf6 Rg2+ 46. Kh3 Rg7 47. Bxg7 Bg2+ 48. Kh2 Qf3 49. Bf6 Qxf4+ 
50. Kg1 Qe3+ 51. Kh2 Qf4+ 52. Kg1 Qe3+ 53. Kh2 Qf4+ 1/2-1/2

[Event "Saturday Night Engine Tour 7 rd Swiss 12m+1s Starts at 2200hrs"]
[Site "Infinity Chess"]
[Date "2018.4.21"]
[Round "1"]
[White "OlivierEvan"]
[Black "SkyPilot"]
[Result "1/2-1/2"]
[ECO "A46"]
[WhiteElo "2380"]
[BlackElo "2454"]
[WhiteEngine "Houdini 6"]
[BlackEngine "stockfish_x64_bmi2_2018_04_07_CTG"]
[EventType "Swiss"]
[WhiteTeam ""]
[BlackTeam ""]
[PlyCount "126"]
[TimeControl "720+1"]

1. d4 Nf6 2. Nf3 d5 3. e3 c5 4. c4 e6 5. Nc3 Nc6 6. a3 dxc4 7. Bxc4 a6 8. O-O b5 
9. Ba2 Bb7 10. Qe2 Qc7 11. Bd2 Rd8 12. dxc5 Bxc5 13. Rac1 Qb6 14. Rfd1 O-O 
15. Bb1 Be7 16. e4 Nd4 17. Nxd4 Rxd4 18. Be3 Rxd1+ 19. Nxd1 Qd8 20. f3 Nd7 
21. Nf2 Ne5 22. Ba2 Qb8 23. f4 Nd7 24. Rd1 Nf6 25. Bb1 Rc8 26. g4 Ne8 27. e5 Nc7 
28. Bd4 Nd5 29. f5 Qc7 30. Ne4 Rd8 31. Qc2 Qxc2 32. Bxc2 Nf4 33. Kf2 Bxe4 
34. Bxe4 f6 35. Ke1 exf5 36. Bxf5 fxe5 37. Bf2 g6 38. Rxd8+ Bxd8 39. Be4 Kf7 
40. Kd2 h5 41. Bb7 a5 42. gxh5 gxh5 43. Bc5 Ne6 44. Bf2 Kg6 45. Bc6 b4 
46. axb4 axb4 47. Kd3 Bg5 48. Kc4 Bf4 49. Be8+ Kh6 50. h4 Bd2 51. Kd3 Bc1 
52. b3 Nf4+ 53. Ke4 Bd2 54. Kf5 Ne2 55. Kxe5 Nc1 56. Kd5 Nxb3 57. Bb6 Nc1 
58. Kc4 b3 59. Bd4 Be1 60. Be3+ Kg7 61. Bxc1 b2 62. Bxb2+ Kf8 63. Bc6 Bxh4 
1/2-1/2

[Event "Saturday Night Engine Tour 7 rd Swiss 12m+1s Starts at 2200hrs"]
[Site "Infinity Chess"]
[Date "2018.4.21"]
[Round "1"]
[White "star99"]
[Black "incredible"]
[Result "1/2-1/2"]
[ECO "C50"]
[WhiteElo "2464"]
[BlackElo "2393"]
[WhiteEngine "Cryptic Heroes 9.4B"]
[BlackEngine "stockfish_18041820_x64_bmi2"]
[EventType "Swiss"]
[WhiteTeam ""]
[BlackTeam ""]
[PlyCount "96"]
[TimeControl "720+1"]

1. e4 e5 2. Nf3 Nc6 3. Bc4 Bc5 4. O-O Nf6 5. d3 O-O 6. c3 d6 7. a4 a6 8. b4 Bb6 
9. Bg5 h6 10. Bh4 g5 11. Bg3 g4 12. Nh4 Nh5 13. Na3 Qg5 14. Nc2 Nxg3 15. hxg3 h5 
16. Qe2 Be6 17. a5 Ba7 18. Rad1 Ne7 19. d4 c6 20. Bxe6 fxe6 21. dxe5 Qxe5 
22. Nd4 Rae8 23. Qa2 d5 24. Rd2 Rf6 25. exd5 Nxd5 26. Qc2 Rf7 27. Re2 Qf6 
28. Re4 Nxb4 29. Qd2 Nd5 30. Rfe1 Qxf2+ 31. Qxf2 Rxf2 32. Kxf2 Nxc3 33. Kf1 Nxe4 
34. Rxe4 Kf7 35. Ne2 e5 36. Rb4 Ke6 37. Rxb7 Rf8+ 38. Ke1 Bf2+ 39. Kd1 Rd8+ 
40. Kc2 Be1 41. Nc3 Bxg3 42. Ng6 Rg8 43. Ne7 Rg7 44. Ne4 Bf4 45. Nc5+ Kf6 
46. Ne4+ Ke6 47. Nc5+ Kf6 48. Ne4+ Ke6 1/2-1/2

[Event "Saturday Night Engine Tour 7 rd Swiss 12m+1s Starts at 2200hrs"]
[Site "Infinity Chess"]
[Date "2018.4.21"]
[Round "1"]
[White "Dovahkiin"]
[Black "MarioDeMonti"]
[Result "1/2-1/2"]
[ECO "C55"]
[WhiteElo "2398"]
[BlackElo "2471"]
[WhiteEngine "BrainFish_180418_x64_modern_CTG"]
[BlackEngine "stockfish_x64_bmi2_2018_02_18_CTG"]
[EventType "Swiss"]
[WhiteTeam ""]
[BlackTeam ""]
[PlyCount "109"]
[TimeControl "720+1"]

1. e4 e5 2. Nf3 Nc6 3. Bc4 Nf6 4. d3 Bc5 5. O-O d6 6. c3 O-O 7. Re1 Bb6 8. h3 h6 
9. Nbd2 a5 10. a4 Be6 11. Ra2 Nh5 12. b3 Qf6 13. Nf1 Rad8 14. Ng5 Qg6 
15. Nxe6 fxe6 16. Qg4 Rf6 17. Qxg6 Rxg6 18. Rc2 Kh7 19. Nh2 Rf8 20. Kf1 Nf4 
21. Bxf4 Rxf4 22. Nf3 Rgf6 23. Bb5 Nd8 24. b4 Rf8 25. Ree2 g6 26. Bc4 Kg7 
27. bxa5 Bxa5 28. Nd2 Bb6 29. Nb3 Ba7 30. a5 h5 31. d4 exd4 32. cxd4 g5 
33. d5 exd5 34. exd5 g4 35. hxg4 hxg4 36. Bd3 c6 37. g3 Rf3 38. Bc4 Rxg3 
39. a6 cxd5 40. Bxd5 Rd3 41. Rcd2 Rxd2 42. Nxd2 Bxf2 43. Re7+ Kf6 44. Re4 Kg5 
45. axb7 Ba7+ 46. Ke1 Rf5 47. Ra4 Rxd5 48. Rxa7 Re5+ 49. Kd1 Nc6 50. Ra6 Rb5 
51. Rxc6 Rxb7 52. Rxd6 Kf4 53. Ke2 Kg3 54. Kf1 Re7 55. Kg1 1/2-1/2

[Event "Saturday Night Engine Tour 7 rd Swiss 12m+1s Starts at 2200hrs"]
[Site "Infinity Chess"]
[Date "2018.4.21"]
[Round "1"]
[White "TAIPAN54"]
[Black "Vimtiroba"]
[Result "1/2-1/2 "]
[ECO "D31"]
[WhiteElo "2520"]
[BlackElo "2432"]
[WhiteEngine "Raubfisch X38b1_CTG"]
[BlackEngine "AsmFish A12_CTG"]
[EventType "Swiss"]
[WhiteTeam ""]
[BlackTeam ""]
[PlyCount "141"]
[TimeControl "720+1"]

1. d4 d5 2. c4 e6 3. Nc3 c6 4. e3 Nd7 5. Bd3 dxc4 6. Bxc4 b5 7. Bd3 a6 
8. Nf3 Ngf6 9. e4 c5 10. d5 c4 11. Bc2 e5 12. O-O Bd6 13. Ne2 O-O 14. b3 Nb6 
15. bxc4 Nxc4 16. Ng3 Bd7 17. a4 Qb6 18. Bg5 Bc5 19. h3 Rfc8 20. Bb3 h6 
21. Bxc4 bxc4 22. Rb1 Qd6 23. Bd2 c3 24. Bxc3 Bxf2+ 25. Rxf2 Rxc3 26. Kh2 Rac8 
27. Rb7 Qa3 28. Qe2 a5 29. Qa6 Qxa4 30. Rf1 Rf8 31. Qb6 Qa3 32. Qf2 Bc8 
33. Rb2 a4 34. Rb6 Qe7 35. Qe1 Rd3 36. Qc1 Kh7 37. Qb2 Re8 38. Qc2 Ra3 
39. Rfb1 Rd8 40. Qb2 Re3 41. Qc1 Rd3 42. Qc2 Ra3 43. Qb2 Re3 44. Qd2 Ra3 
45. Rc1 Bd7 46. Rc7 Rb3 47. Rxb3 axb3 48. Rb7 Ne8 49. Rxb3 f6 50. Qf2 Nd6 
51. Rb6 Be8 52. Ra6 Bb5 53. Ra7 Rd7 54. Ra8 g6 55. Qc5 Rc7 56. Qa3 Nc4 
57. Qb3 Nd6 58. Nh4 Be8 59. Qe3 Rb7 60. Nf3 Nc4 61. Qg1 Nd6 62. Qc5 Rc7 
63. Qe3 Bd7 64. Nf1 Bc8 65. N1d2 Bb7 66. Ra7 Bxd5 67. Rxc7 Qxc7 68. exd5 e4 
69. Ne5 Nf7 70. Qd4 Qxe5+ 71. Qxe5 1/2-1/2